 Dungeon Crawl Stone Soup version 0.27.1-1-g398f81649c (webtiles) character file.

Game seed: 2422387899972782239

46 mainiacjoe the Caller (level 3, 0/26 HPs)
             Began as a Demigod Summoner on Sept 10, 2021.
             Succumbed to an adder's poison
             ... on level 2 of the Dungeon.
             The game lasted 00:04:57 (2648 turns).

mainiacjoe the Caller (Demigod Summoner)            Turns: 2648, Time: 00:04:57

Health: 0/26       AC:  2    Str:  9    XL:     3   Next: 27%
Magic:  3/8        EV: 12    Int: 21    God:
Gold:   75         SH:  0    Dex: 14    Spells: 2/6 levels left

rFire    . . .     SeeInvis .   f - +0 short sword
rCold    . . .     Faith    .   (no shield)
rNeg     . . .     Spirit   .   a - +0 robe
rPois    .         Reflect  .   (no helmet)
rElec    .         Harm     .   (no cloak)
rCorr    .         Rampage  .   (no gloves)
Will     .....                  (no boots)
Stlth    ++........             (no amulet)
HPRegen  0.08/turn              (no ring)
MPRegen  0.11/turn              (no ring)

@: lethally poisoned (0 -> -5), hasted, very quick
A: high mp 1, forlorn
a: no special abilities


You were on level 2 of the Dungeon.
You visited 1 branch of the dungeon, and saw 2 of its levels.

You collected 75 gold pieces.

Inventory:

Hand Weapons
 f - a +0 short sword (weapon)
Missiles
 e - 9 poisoned darts (quivered)
 k - 22 stones
 o - 19 sling bullets
Armour
 a - a +0 robe (worn)
Scrolls
 b - a scroll of acquirement {unknown}
 c - a scroll of immolation {unknown}
 d - a scroll of noise {unknown}
 g - a scroll of magic mapping {unknown}
 i - a scroll of teleportation {unknown}
 j - a scroll of amnesia {unknown}
 m - a scroll of blinking {unknown}
 n - a scroll of torment {unknown}
Potions
 l - a potion of curing {unknown}


   Skills:
 - Level 1.7 Dodging
 - Level 1.7 Stealth
 + Level 2.1 Spellcasting
 + Level 4.4 Summonings
 + Level 0.8 Ice Magic


You had 2 spell levels left.
You knew the following spells:

 Your Spells              Type           Power      Damage    Failure   Level
a - Summon Small Mammal   Summ           84%        N/A       2%          1
b - Call Imp              Summ           21%        N/A       3%          2
c - Freeze                Ice            20%        1d4       11%         1

Your spell library contained the following spells:

 Spells                   Type           Power      Damage    Failure   Level
 Beastly Appendage        Tmut           4%         N/A       14%         1
 Wereblood                Tmut           2%         N/A       22%         2
 Call Canine Familiar     Summ           21%        N/A       7%          3
 Summon Guardian Golem    Hex/Summ       11%        N/A       17%         3
 Frozen Ramparts          Ice            10%        1d3       30%         3
 Spider Form              Tmut/Pois      1%         N/A       41%         3
 Summon Lightning Spire   Summ/Air       11%        N/A       50%         4
 Hailstorm                Conj/Ice       4%         3d4       77%         4


Dungeon Overview and Level Annotations

Branches:
Dungeon (2/15)

Annotations:
D:2 Jessica


Innate Abilities, Weirdness & Mutations

Your attributes grow dramatically as you level up.
You have an increased reservoir of magic. (+10% MP)
You shall have no god before yourself.


Message History

Things that are here:
a +0 club; a kobold corpse You closely miss the adder zombie.
The adder zombie bites you. The quokka zombie barely misses you.
Your crimson imp blinks!
You hit the adder zombie.
The adder zombie is lightly damaged.
Jessica shouts!
You hear an angry hiss.
The adder zombie bites you but does no damage.
Jessica points at you and mumbles some strange words.
Pain shoots through your body!
Your crimson imp blinks!
Your white imp hits the quokka zombie.
Your white imp freezes the quokka zombie.
The quokka zombie resists.
The quokka zombie bites your white imp but does no damage.
The adder zombie misses you. The adder closely misses you.
Your white imp barely misses the quokka zombie.
The quokka zombie bites your white imp. The adder zombie bites you.
* * * LOW HITPOINT WARNING * * *
Your white imp gestures at the quokka zombie.
The puff of frost hits the quokka zombie.
The quokka zombie resists.
The quokka zombie is destroyed!
Your crimson imp barely misses the adder zombie.
The adder zombie closely misses your crimson imp.
The adder bites you.
* * * LOW HITPOINT WARNING * * *
You are lethally poisoned!
The adder poisons you!
* * * LOW HITPOINT WARNING * * *
You feel sick.
Your crimson imp barely misses the adder zombie.
* * * LOW HITPOINT WARNING * * *
You feel sick.
Jessica gestures wildly while chanting.
Jessica seems to speed up.
Your crimson imp blinks!
It was a potion of haste.
You feel yourself speed up.
You die...

#.##.# #.# # #.##.###.# #.#
#........###.#### ##
####.#####......# #.# #. #
##.##.# #.#.##.##.# #....
####...#.#####.#......###.....
+..................5...#......
####..÷..#####.###...##.#.....
# #.....## #..@SZ..@........
##...## ######...........
##.## #.............. #.#
#..##...)...§.# #.#
#.....55....§§.. #.#
#...........§§.. #.#
#...8........§.§ #.#
##.....$....§§§§ #.#
#..........§.§§


You could see an adder, Jessica (fast), an adder zombie (ally target) and a
friendly crimson imp (summoned).

Vanquished Creatures
  A ball python (D:1)
  2 endoplasms
  A giant cockroach (D:2)
  2 goblins (D:1)
  A hobgoblin (D:2)
  3 jackals (D:2)
  A quokka (D:1)
  A frilled lizard (D:2)
  A quokka skeleton (D:2)
  2 rats (D:1)
15 creatures vanquished.

Vanquished Creatures (collateral kills)
  An iguana (D:2)
  5 ball pythons (D:1)
  A bat (D:1)
  2 endoplasms (D:1)
  2 giant cockroaches (D:2)
  3 hobgoblins
  2 jackals (D:2)
  3 kobolds
  2 quokkas
  A quokka zombie (D:2)
  A rat (D:1)
23 creatures vanquished.

Vanquished Creatures (others)
  2 withered plants (D:2)
2 creatures vanquished.

Grand Total: 40 creatures vanquished

Notes
Turn   | Place    | Note
-------+----------+-------------------------------------------
     0 | D:1      | mainiacjoe the Demigod Summoner began the quest for the
                  | Orb.
     0 | D:1      | Reached XP level 1. HP: 14/14 MP: 5/5
   811 | D:1      | Reached skill level 4 in Summonings
  1181 | D:1      | Reached XP level 2. HP: 20/20 MP: 7/7
  1184 | D:1      | Learned a level 2 spell: Call Imp
  1528 | D:1      | Learned a level 1 spell: Freeze
  2360 | D:2      | Reached XP level 3. HP: 11/26 MP: 3/8
  2627 | D:2      | Noticed Jessica
  2647 | D:2      | HP: 1/26 [poisoned by an adder]
  2648 | D:2      | Succumbed to an adder's poison

Illustrated notes

Levels and vault maps discovered:
D:1:      minmay_arrival_four_loops, layout_basic,
          ebering_ecumenical_altar_mist, minmay_cut_off
D:2:      layout_loops_corners, serial_undead, serial_undead_c, serial_undead_d,
          serial_undead_b, serial_undead_a, basic_altar, uniq_jessica,
          uniq_crazy_yiuf_cottage

Skill      XL: |  1  2 |
---------------+-------+-----
Summonings     | 4 |  4.4
Spellcasting   | 2 |  2.1
Dodging        | |  1.7
Stealth        | |  1.7
Ice Magic      | |  0.8

Action                   || total
-------------------------++-------
Melee: Unarmed           ||    22
       Short sword       ||    37
Throw: Dart              ||    35
 Cast: Summon Small Mamm ||    36
       Call Imp          ||    12
  Use: Potion            ||     1
 Stab: Sleeping          ||     1
Armor: Robe              ||    17
Dodge: Dodged            ||    43
